 Dungeon Crawl Stone Soup version 0.27.1-3-gb3d3a73c9e (webtiles) character file.

Game seed: 17377629768555320858

32796 earthworldpsion the Fighter (level 13, -20/122 HPs)
             Began as a Minotaur Berserker on Oct 20, 2021.
             Was a High Priest of Trog.
             Killed from afar by an efreet (25 damage)
             ... with a bolt of fire
             ... on level 13 of the Dungeon.
             The game lasted 00:47:46 (12678 turns).

earthworldpsion the Fighter (Minotaur Berserker)   Turns: 12678, Time: 00:47:47

Health: -20/122    AC: 19    Str: 32    XL:     13   Next: 33%
Magic:  12/12      EV: 13    Int:  4    God:    Trog [*****.]
Gold:   1692       SH:  5    Dex: 11    Spells: 12/12 levels left

rFire    . . .     SeeInvis +   y - +5 hand axe
rCold    . . .     Faith    .   r - +0 buckler
rNeg     + . .     Spirit   .   c - +0 chain mail
rPois    .         Reflect  .   (helmet restricted)
rElec    .         Harm     .   t - +2 cloak
rCorr    .         Rampage  .   (no gloves)
Will     .....                  v - +2 pair of boots
Stlth    ..........             m - amulet of regeneration
HPRegen  1.30/turn              I - ring of Bacim {rN+ SInv}
MPRegen  0.13/turn              L - +6 ring of strength

@: on berserk cooldown, slowed, very slow
A: horns 2, retaliatory headbutt
a: Renounce Religion, Berserk, Trog's Hand, Brothers in Arms


You were on level 13 of the Dungeon.
You worshipped Trog.
Trog was extremely pleased with you.
You visited 1 branch of the dungeon, and saw 15 of its levels.

You collected 1812 gold pieces.
You spent 120 gold pieces at shops.

Inventory:

Hand Weapons
 b - a +4 morningstar
 q - a +3 flail of freezing
 y - a +5 hand axe (weapon)
 N - a +2 battleaxe of freezing
Missiles
 g - 3 throwing nets
Armour
 c - a +0 chain mail (worn)
 r - a +0 buckler (worn)
 t - a +2 cloak (worn)
 v - a +2 pair of boots (worn)
 E - +0 acid dragon scales
 H - a +0 tower shield
 J - +0 acid dragon scales
 M - a +3 ring mail
Jewellery
 m - an amulet of regeneration (around neck)
 A - a ring of poison resistance
 D - a +6 ring of dexterity
 I - the ring of Bacim (left hand) {rN+ SInv}
   (You found it on level 12 of the Dungeon)

   [ring of positive energy]

   rN:        It protects you from negative energy.
   SInv:      It lets you see invisible.
 K - an amulet of faith
 L - a +6 ring of strength (right hand)
Wands
 h - a wand of flame (40) (quivered)
 s - a wand of iceblast (19)
 B - a wand of paralysis (20)
 O - a wand of mindburst (32)
Scrolls
 a - a scroll of enchant weapon
 j - 3 scrolls of amnesia
 l - 2 scrolls of magic mapping
 n - a scroll of teleportation
 x - a scroll of blinking {unknown}
 G - a scroll of identify
Potions
 d - 3 potions of lignification
 e - 6 potions of curing
 f - a potion of haste {unknown}
 i - 4 potions of flight
 k - 2 potions of attraction {unknown}
 o - a potion of heal wounds {unknown}
 p - a potion of might {unknown}
 u - a potion of invisibility {unknown}
 w - a potion of resistance {unknown}
 z - 3 potions of brilliance {unknown}
 C - a potion of berserk rage {unknown}


   Skills:
 + Level 13.4 Fighting
 + Level 12.4(12.8) Axes
 - Level 5.1(9.6) Maces & Flails
 + Level 13.1 Armour
 + Level 12.2 Dodging
 * Level 7.3 Shields


You had 12 spell levels left.
You didn't know any spells.
Your spell library was empty.

Dungeon Overview and Level Annotations

Branches:
Dungeon (15/15)            Temple (0/1) D:7            Lair (0/6) D:9
    Orc: D:9-12      Vaults: D:13-14     Depths: D:15

Altars:
Ashenzari

Shops:
D:8 ?:

Annotations:
D:5 ring stuck in a wall
D:9 death yaks
D:11 8head hydra+manticore
D:12 hydra wandering around


Innate Abilities, Weirdness & Mutations

You have a pair of horns on your head.
You reflexively headbutt those who attack you in melee.


Message History

The skeletal warrior hits you with a +1 mace!
The death knight misses you.
You hit the death knight.
The death knight is heavily wounded.
You hit the skeletal warrior but do no damage.
You barely miss the efreet.
The skeletal warrior hits you with a +1 mace.
You block the efreet's attack. The death knight misses you.
You furiously retaliate!
You headbutt the death knight. You hit the death knight.
You headbutt the death knight!
The death knight is severely wounded.
You hit the efreet but do no damage. You hit the skeletal warrior.
The skeletal warrior barely misses you. You furiously retaliate!
You headbutt the skeletal warrior. The death knight barely misses you.
You furiously retaliate!
You headbutt the death knight! You block the efreet's attack.
You slash the death knight!
You headbutt the death knight, but do no damage.
The death knight is almost dead.
You closely miss the skeletal warrior. You hit the efreet.
The skeletal warrior hits you with a +1 mace!!
The death knight hits you with a +3 vorpal broad axe!!
* * * LOW HITPOINT WARNING * * *
x2 The efreet barely misses you.
You furiously retaliate!
You headbutt the efreet, but do no damage.
You block the skeletal warrior's attack.
Your chain mail prevents you from hitting the death knight.
Your headbutt misses the death knight.
The death knight is almost dead.
You hit the efreet but do no damage.
You hit the skeletal warrior but do no damage.
You block the efreet's attack.
The death knight offers itself to Yredelemnul, and fills with unholy energy.
As you read the scroll of fog, it crumbles to dust.
The scroll dissolves into smoke.
The skeletal warrior hits you with a +1 mace.
* * * LOW HITPOINT WARNING * * *
The efreet gestures at you. The bolt of fire hits you!!
You die...

#...)#####.#######
..####........<.#
................#
.#####..######..#
#..# #..# #.?#
#..# #.§## #..#
#..####§§.#####..#
#.....§@§§........
#
...#..zpR..#######
# #.§.c...# #
##.....## #
###.### # ... #
... # .## #


You could see a death knight (reflects damage), a skeletal warrior, a yaktaur
and an efreet.

Vanquished Creatures
  Kirke (D:12)
  A boulder beetle (D:12)
  2 centaur warriors
  An ogre mage (D:13)
  8 two-headed ogres
  2 death yaks (D:10)
  3 tengu warriors
  A skeletal warrior (D:13)
  2 deep elf pyromancers
  2 manticores
  An ugly thing (D:10)
  A cyclops (D:13)
  4 centaur zombies
  A gargoyle (D:7)
  A kobold demonologist (D:10)
  Maggie (D:6)
  2 komodo dragons
  An efreet (D:15)
  A yaktaur (D:13)
  4 trolls
  11 slime creatures
  A meliai zombie (D:10)
  A tarantella (shapeshifter) (D:15)
  2 shadows
  28 yaks
  3 wraiths (D:13)
  3 hogs (D:12)
  3 vampire mosquitoes (D:12)
  4 acid dragons
  A water moccasin (D:8)
  An ice beast (D:6)
  A sky beast (D:6)
  5 orc warriors
  3 ogres
  3 boggarts (D:12)
  8 centaurs
  A phantom (D:5)
  2 necrophages
  3 kobold brigands
  A bullfrog (D:9)
  A wyvern zombie (D:7)
  2 scorpions
  11 killer bees
  10 wights
  A howler monkey (D:9)
  A bullfrog zombie (D:7)
  5 hounds
  5 orc priests
  2 jellies
  Crazy Yiuf (D:4)
  A bullfrog skeleton (D:6)
  4 centaur skeletons
  Ijyb (D:4)
  4 iguanas
  10 orc wizards
  A mummy (D:7)
  Robin (D:2)
  2 howler monkey zombies
  11 gnolls
  9 adders
  A shadow imp (D:6)
  2 white imps (D:7)
  3 ufetubi
  3 worms (D:2)
  A dart slug (D:2)
  46 orcs
  2 ball pythons
  4 bats
  7 endoplasms
  7 giant cockroaches
  18 goblins
  9 hobgoblins
  A quokka (D:4)
  2 frilled lizards
  2 hobgoblin zombies (D:7)
  16 kobolds
  2 rats (D:3)
334 creatures vanquished.

Vanquished Creatures (collateral kills)
  A tengu warrior (D:10)
  A troll (D:10)
  A yak (D:10)
  An orc warrior (D:10)
  An orc wizard (D:10)
5 creatures vanquished.

Grand Total: 339 creatures vanquished

Notes
Turn   | Place    | Note
-------+----------+-------------------------------------------
     0 | D:1      | earthworldpsion the Minotaur Berserker began the quest for
                  | the Orb.
     0 | D:1      | Reached XP level 1. HP: 19/19 MP: 0/0
   242 | D:1      | Reached XP level 2. HP: 19/27 MP: 1/1
   998 | D:2      | Reached XP level 3. HP: 33/33 MP: 2/2
  1015 | D:2      | Found a faded altar of an unknown god.
  1615 | D:2      | Reached XP level 4. HP: 36/41 MP: 3/3
  1711 | D:2      | Reached ** piety under Trog
  2137 | D:2      | Noticed Robin
  2163 | D:2      | Killed Robin
  2164 | D:2      | Reached XP level 5. HP: 37/47 MP: 4/4
  2412 | D:2      | Noticed a necrophage
  2420 | D:2      | Killed a necrophage
  2421 | D:2      | Reached skill level 5 in Fighting
  2869 | D:3      | Reached skill level 5 in Maces & Flails
  2887 | D:3      | Reached XP level 6. HP: 24/56 MP: 5/5
  3427 | D:3      | Reached *** piety under Trog
  3613 | D:4      | Reached skill level 1 in Axes
  3616 | D:4      | Noticed an orc warrior
  3624 | D:4      | Killed an orc warrior
  3703 | D:4      | Reached skill level 5 in Armour
  3898 | D:4      | Noticed Ijyb
  3900 | D:4      | Killed Ijyb
  3901 | D:4      | Reached XP level 7. HP: 62/62 MP: 6/6
  4023 | D:4      | Found a runed translucent door.
  4024 | D:4      | Noticed Crazy Yiuf
  4029 | D:4      | Killed Crazy Yiuf
  4475 | D:5      | Entered Level 5 of the Dungeon
  4489 | D:5      | Reached skill level 5 in Dodging
  4687 | D:5      | Reached **** piety under Trog
  4741 | D:5      | Reached XP level 8. HP: 71/71 MP: 7/7
  5512 | D:6      | Reached skill level 5 in Axes
  5589 | D:6      | Noticed Maggie
  5597 | D:6      | Killed Maggie
  5598 | D:6      | Reached XP level 9. HP: 81/81 MP: 8/8
  6041 | D:7      | Found a sand-covered staircase.
  6167 | D:7      | Noticed a gargoyle
  6169 | D:7      | Found a broken altar of Ashenzari.
  6175 | D:7      | Killed a gargoyle
  6528 | D:7      | Reached XP level 10. HP: 91/91 MP: 9/9
  6839 | D:7      | Found a staircase to the Ecumenical Temple.
  7144 | D:8      | Found Wute's Book Shoppe.
  7203 | D:8      | Reached ***** piety under Trog
  7330 | D:8      | Noticed a two-headed ogre
  7336 | D:8      | Killed a two-headed ogre
  7539 | D:8      | Found Heunont's Magic Scroll Shoppe.
  7638 | D:8      | Bought a scroll of identify for 30 gold pieces
  7638 | D:8      | Bought 2 scrolls of teleportation for 90 gold pieces
  7771 | D:9      | Noticed a death yak
  7771 | D:9      | Noticed a death yak
  7775 | D:9      | Noticed a death yak
  7776 | D:9      | Noticed a death yak
  7776 | D:9      | Noticed a two-headed ogre
  7781 | D:9      | Noticed a death yak
  7937 | D:9      | Reached skill level 10 in Fighting
  8021 | D:9      | Identified the +1 robe of the Robin {Int+2}
  8102 | D:9      | Identified the +1 spear of Guilt {flame, rF+}
  8239 | D:10     | Entered Level 10 of the Dungeon
  8249 | D:10     | Killed a death yak
  8250 | D:10     | Reached skill level 10 in Armour
  8329 | D:9      | Found a staircase to the Lair.
  8538 | D:9      | Killed a two-headed ogre
  8977 | D:10     | Reached XP level 11. HP: 99/101 MP: 10/10
  8986 | D:10     | Noticed a tengu warrior
  8988 | D:10     | Noticed a purple ugly thing
  8996 | D:10     | Killed a tengu warrior
  9053 | D:10     | Reached skill level 10 in Dodging
  9067 | D:10     | Killed a purple ugly thing
  9154 | D:10     | Reached skill level 10 in Axes
  9247 | D:10     | Noticed a sun demon
  9413 | D:10     | Noticed a death yak
  9448 | D:10     | Killed a death yak
  9448 | D:10     | Received a gift from Trog
  9999 | D:11     | Identified a scroll of acquirement
 10000 | D:11     | Acquired 971 gold pieces
 10306 | D:11     | Noticed an eight-headed hydra
 10533 | D:11     | Noticed a two-headed ogre
 10545 | D:11     | Killed a two-headed ogre
 10919 | D:11     | Reached XP level 12. HP: 112/112 MP: 11/11
 11101 | D:12     | Noticed Kirke
 11119 | D:12     | Killed Kirke
 11125 | D:12     | Noticed a centaur warrior
 11140 | D:12     | Killed a centaur warrior
 11270 | D:12     | Reached skill level 1 in Shields
 11347 | D:12     | Noticed a boulder beetle
 11352 | D:12     | Noticed a six-headed hydra
 11423 | D:12     | Noticed a two-headed ogre
 11502 | D:12     | Killed a boulder beetle
 11573 | D:12     | Identified the ring of Bacim {rN+ SInv}
 11863 | D:13     | Noticed a two-headed ogre
 11866 | D:13     | Noticed a two-headed ogre
 11868 | D:13     | Noticed a two-headed ogre
 11869 | D:13     | Noticed an ogre mage
 11870 | D:13     | Noticed a two-headed ogre
 11872 | D:13     | Killed a two-headed ogre
 11873 | D:13     | Noticed a two-headed ogre
 11877 | D:13     | Killed an ogre mage
 11880 | D:13     | Killed a two-headed ogre
 11884 | D:13     | Killed a two-headed ogre
 11885 | D:13     | Reached skill level 5 in Shields
 11889 | D:13     | Killed a two-headed ogre
 11896 | D:13     | Killed a two-headed ogre
 11924 | D:13     | Noticed a centaur warrior
 11938 | D:13     | Killed a centaur warrior
 11977 | D:13     | Reached XP level 13. HP: 94/122 MP: 12/12
 12038 | D:13     | You fall into a shaft and drop 2 floors!
 12038 | D:15     | Entered Level 15 of the Dungeon
 12676 | D:13     | HP: 4/122 [death knight (4)]
 12678 | D:13     | Killed from afar by an efreet

Illustrated notes

Levels and vault maps discovered:
D:1:      zaba_arrival_water, layout_basic, ebering_dispersal_statue_hall,
          minmay_small_reverse_x
D:2:      minmay_skewed_foursquare, layout_loops_corners,
          ebering_ecumenical_altar_petrified, kennysheep_generic_room_3,
          uniq_robin
D:3:      layout_basic
D:4:      layout_basic, minmay_strange_pillars, uniq_crazy_yiuf_cottage,
          uniq_ijyb
D:5:      layout_loops_ring, serial_glass, glass_columns_a, glass_columns_c,
          item_on_display_b
D:6:      layout_loops_ring, grunt_ministairs_11, uniq_maggie
D:7:      layout_cave_pods, evilmike_ruin_ashenzari,
          minmay_temple_entry_enclosed_plants, nicolae_ossuary_entry_giza,
          lemuel_old_faithful
D:8:      layout_loops_ring, serial_shops, shop, shop_statue,
          roderic_malta_cross
D:9:      layout_roguey, dpeg_lair_monsters, enter_bailey_7,
          minmay_fractal_squares_diagonal_5
D:10:     argonaut_augean_stables, layout_basic, moated_statue,
          minmay_chambers_of_fives
D:11:     minmay_the_grid_3x2 [minmay_the_grid_garden, minmay_the_grid_mess,
          minmay_the_grid_gridbox, minmay_the_grid_all_tris,
          minmay_the_grid_spikes, minmay_the_grid_prize_diamond_cup],
          layout_loops_corners, orc_0_dummy, evilmike_butchery
D:12:     layout_rooms, uniq_kirke
D:13:     minmay_curly_fans, layout_long_grid, serial_shops,
          kennysheep_little_box, minivault_21
D:14:     layout_loops_cross, grunt_vaults_entry_fortified,
          chequers_serial_rivers_small_a, zin_statuary
D:15:     gammafunk_depths_entry_grave, layout_basic,
          nicolae_trove_entry_crossroad

Skill      XL: |  1  2  3  4  5  6  7  8  9 10 11 12 13 |
---------------+----------------------------------------+-----
Maces & Flails | 4 5 |  5.1
Fighting       | 4 5 6 7 9 10 12 13 | 13.4
Armour         | 3 4 5 6 7 9 10 11 12 13 | 13.1
Dodging        | 3 4 5 6 8 9 10 11 12 | 12.2
Axes           | 2 3 5 7 9 11 12 | 12.4
Shields        | 5 7 |  7.3

Action                   |  1- 3 |  4- 6 |  7- 9 | 10-12 | 13-15 || total
-------------------------+-------+-------+-------+-------+-------++-------
Melee: Mace              |    77 |    88 |       |       |       ||   165
       Headbutt          |     7 |    23 |    52 |   127 |    34 ||   243
       War axe           |       |    59 |       |       |       ||    59
       Battleaxe         |       |     6 |   227 |    40 |       ||   273
       Hand axe          |       |       |       |   445 |   111 ||   556
Invok: Berserk           |     1 |     3 |     5 |    21 |     6 ||    36
       Trog's Hand       |       |     1 |       |     8 |       ||     9
       Brothers in Arms  |       |       |       |     2 |       ||     2
Evoke: Wand              |       |       |     1 |    35 |     1 ||    37
  Use: Scroll            |       |       |     4 |    12 |     1 ||    17
       Potion            |       |       |       |     1 |       ||     1
Armor: Chain mail        |    56 |    73 |   190 |   306 |    46 ||   671
Dodge: Dodged            |    39 |    74 |   152 |   334 |    42 ||   641
Block: Buckler           |       |       |       |    77 |    24 ||   101
       Tower shield      |       |       |       |    18 |       ||    18
